Map: Mundo de durmientes EJ

Players

DestroyerTT

  • Race: Protoss Protoss
  • League: Master
  • Spawn Location: 1:00

IIIIIIIIIIII - Winner!

  • Race: Terran Terran
  • League: Master
  • Spawn Location: 7:00

VOD

Have the link to the VOD?

Description

Time

  • Played on: Nov. 10, 2019, 5:33 p.m.
  • Length: 12:39
Show
View Real Time Build Order
Export as new Build Order

DestroyerTT Protoss 

Build Orders: 1 Gate Expand, Phoenix Opening, Blink Stalkers 

Get SALT Encoding   

  12  0:01  Probe  
  13  0:13  Probe  
  14  0:17  Pylon  
  14  0:25  Probe  
  15  0:37  Probe (Chrono Boost)  
  15  0:40  Gateway  
  16  0:46  Assimilator  
  16  0:49  Probe (Chrono Boost)  
  18  0:57  Probe (Chrono Boost)  
  18  1:03  Probe  
  19  1:15  Probe  
  20  1:27  Nexus  
  20  1:40  Cybernetics Core  
  20  1:48  Pylon  
  20  1:50  Assimilator  
  20  1:52  Probe  
  21  2:04  Probe  
  22  2:16  Sentry (Chrono Boost), Probe  
  22  2:17  Warp Gate  
  25  2:28  Probe  
  26  2:35  Stalker  
  28  2:40  Probe  
  28  2:43  Phoenix  
  29  2:45  Shield Battery  
  29  2:47  Probe, Twilight Council  
  30  2:55  Gateway  
  30  3:08  Gateway  
  30  3:13  Gateway  
  30  3:15  Probe  
  31  3:20  Probe  
  31  3:21  Gateway  
  32  3:27  Blink (Chrono Boost)  
  32  3:34  Probe  
  33  3:35  Probe  
  34  3:46  Probe  
  34  3:47  Probe  
  36  3:58  Probe  
  36  3:59  Probe  
  38  4:05  Stalker  
  38  4:06  Stalker  
  38  4:07  Pylon  
  38  4:08  Stalker  
  44  4:16  Stalker  
  46  4:25  Probe x2  
  46  4:28  Pylon  
  48  4:33  Stalker  
  48  4:37  Probe x2  
  52  4:43  Stalker  
  52  4:49  Probe x2  
  52  4:50  Stalker  
  52  4:51  Stalker  
  54  4:58  Assimilator  
  52  5:06  Pylon  
  52  5:08  Robotics Facility  
  52  5:09  Assimilator  
  51  5:17  Probe, Pylon  
  51  5:21  Probe  
  53  5:22  Stalker x2  
  57  5:29  Probe  
  57  5:33  Probe  
  57  5:34  Shield Battery  
  59  5:41  Probe, Stalker  
  62  5:45  Probe  
  63  5:52  Stalker x2  
  68  5:57  Observer (Chrono Boost)  
  68  5:59  Probe  
  68  6:01  Shield Battery  
  69  6:04  Pylon  
  69  6:13  Observer  
  70  6:30  Nexus  
  70  6:31  Stalker x2  
  70  6:32  Pylon  
  69  6:50  Probe  
  69  6:53  Probe  
  67  7:02  Probe  
  67  7:05  Probe  
  67  7:09  Observer  
  67  7:14  Stalker  
  67  7:15  Probe, Stalker x3  
  73  7:17  Probe  
  74  7:27  Probe  
  74  7:29  Probe  
  76  7:31  Robotics Bay  
  76  7:32  Forge  
  76  7:39  Probe  
  76  7:41  Probe  
  78  7:59  Probe, Pylon  
  78  8:01  Assimilator, Probe  
  80  8:06  Assimilator, Stalker x4, Protoss Ground Weapons Level 1 (Chrono Boost)  
  84  8:15  Photon Cannon  
  85  8:20  Probe x2  
  85  8:21  Gravitic Boosters (Chrono Boost)  
  86  8:31  Photon Cannon  
  86  8:34  Shield Battery  
  88  8:39  Disruptor  
  86  8:52  Probe  
  86  8:53  Probe  
  86  8:56  Stalker x3  
  86  9:01  Probe  
  88  9:04  Probe  
  88  9:05  Probe  
  88  9:09  Observer  
  88  9:13  Probe  
  88  9:16  Probe  
  89  9:17  Probe  
  90  9:24  Disruptor  
  90  9:29  Probe x2 (Chrono Boost)  
  96  9:31  Gravitic Drive  
  96  9:33  Probe (Chrono Boost)  
  98  9:38  Probe (Chrono Boost)  
  98  9:41  Probe (Chrono Boost)  
  98  9:42  Probe (Chrono Boost)  
  98  9:44  Probe (Chrono Boost)  
  100  9:53  Probe (Chrono Boost)  
  100  9:55  Probe x2 (Chrono Boost)  
  100  9:58  Probe (Chrono Boost)  
  100  10:00  Probe (Chrono Boost)  
  100  10:02  Probe, Disruptor  
  100  10:03  Protoss Ground Weapons Level 2 (Chrono Boost)  
  105  10:07  Probe (Chrono Boost)  
  105  10:08  Forge  
  105  10:10  Robotics Facility, Forge  
  105  10:13  Probe (Chrono Boost)  
  105  10:14  Probe (Chrono Boost)  
  109  10:25  Probe (Chrono Boost)  
  109  10:26  Stalker  
  109  10:27  Probe x2 (Chrono Boost)  
  106  10:31  Probe (Chrono Boost)  
  106  10:35  Probe (Chrono Boost)  
  108  10:37  Probe (Chrono Boost)  
  108  10:41  Probe (Chrono Boost)  
  109  10:46  Pylon  
  109  10:56  Pylon  
  109  10:58  Photon Cannon  
  109  11:01  Pylon  
  109  11:04  Probe x3, Warp Prism  
  109  11:06  Observer  
  115  11:16  Zealot x3  
  115  11:17  Probe (Chrono Boost)  
  113  11:19  Probe x2 (Chrono Boost)  
  108  11:29  Probe (Chrono Boost)  
  108  11:30  Observer  
  108  11:33  Probe x2 (Chrono Boost)  
  109  11:41  Probe, Templar Archives  
  109  11:44  Probe x2  
  111  11:53  Probe  
  112  11:56  Probe x2  
  114  12:05  Probe  
  114  12:08  Probe x2  
  116  12:17  Probe  
  116  12:19  Zealot x2  
  116  12:20  Probe, Zealot x2  
Show
View Real Time Build Order
Export as new Build Order

IIIIIIIIIIII Terran - Winner!

Build Orders: 1/1/1, Mech 

Get SALT Encoding   

  12  0:02  SCV  
  13  0:14  SCV  
  13  0:17  Supply Depot  
  14  0:26  SCV  
  14  0:27  Refinery  
  15  0:39  SCV  
  16  0:45  Barracks  
  16  0:51  SCV  
  16  0:56  Refinery  
  17  1:03  SCV  
  18  1:16  SCV  
  19  1:29  SCV  
  20  1:38  Marine  
  21  1:41  SCV  
  21  1:43  Factory  
  22  1:53  Orbital Command  
  22  1:57  Supply Depot  
  22  2:00  Marine  
  23  2:18  Marine  
  23  2:20  SCV  
  25  2:27  Widow Mine  
  25  2:28  Starport  
  27  2:35  Supply Depot  
  27  2:36  SCV  
  28  2:38  Marine  
  29  2:49  Factory Tech Lab  
  29  2:55  Marine  
  30  3:07  Command Center, Medivac  
  32  3:13  Marine, SCV  
  34  3:20  Cyclone  
  34  3:25  Supply Depot  
  37  3:28  SCV  
  38  3:37  Barracks Reactor  
  38  3:39  Starport Tech Lab  
  38  3:40  SCV  
  39  3:52  SCV  
  39  3:55  Bunker  
  40  4:01  Banshee  
  43  4:03  Cloaking Field  
  43  4:04  SCV  
  43  4:06  Refinery  
  44  4:11  Cyclone  
  47  4:18  Marine x2, SCV  
  51  4:26  Orbital Command  
  48  4:44  Marine x2  
  50  4:55  Banshee  
  50  4:58  SCV x2  
  50  5:01  Siege Tank  
  50  5:02  Marine x2  
  52  5:07  Supply Depot  
  52  5:11  Mag-Field Accelerator  
  52  5:13  SCV  
  53  5:15  SCV  
  53  5:20  Marine  
  55  5:25  SCV  
  57  5:31  Supply Depot  
  57  5:33  Factory  
  57  5:35  Factory  
  56  5:38  Marine  
  56  5:39  Marine  
  58  5:43  SCV x2  
  58  5:48  Banshee  
  63  5:53  Supply Depot  
  63  5:55  SCV  
  63  5:56  SCV  
  65  5:57  Refinery  
  65  6:02  Siege Tank  
  68  6:08  Marine x2, SCV x2  
  72  6:17  Supply Depot  
  72  6:20  SCV x2  
  74  6:29  Command Center  
  74  6:36  Siege Tank  
  74  6:39  SCV x2  
  69  6:50  Siege Tank, Hellion x2  
  69  6:51  SCV  
  69  6:53  SCV  
  68  7:03  Liberator, SCV  
  68  7:05  SCV  
  69  7:13  Siege Tank  
  69  7:14  Hellion  
  74  7:15  SCV  
  74  7:17  SCV  
  79  7:27  Infernal Pre-Igniter  
  79  7:28  SCV  
  79  7:29  SCV  
  81  7:35  Armory  
  81  7:36  Supply Depot  
  81  7:37  Supply Depot  
  81  7:40  SCV  
  81  7:41  SCV  
  83  7:44  Supply Depot  
  83  7:48  Hellion x2  
  87  7:52  SCV  
  88  7:59  Siege Tank, Hellion  
  88  8:05  Factory  
  93  8:07  Factory  
  93  8:09  Hellion  
  95  8:18  Hellion  
  95  8:20  Siege Tank  
  95  8:23  Orbital Command  
  94  8:27  Starport Reactor  
  94  8:28  Terran Vehicle Weapons Level 1  
  94  8:35  Hellion x2  
  98  8:54  Orbital Command  
  98  8:57  Siege Tank  
  98  9:00  SCV x2  
  103  9:06  Factory Tech Lab x2  
  97  9:12  SCV x2  
  99  9:17  Siege Tank, Hellion x2  
  99  9:19  Smart Servos  
  106  9:24  SCV x2  
  106  9:27  Refinery  
  106  9:29  Hellion  
  110  9:32  Refinery  
  110  9:33  Engineering Bay, SCV  
  110  9:34  Siege Tank  
  110  9:35  Hellion  
  110  9:36  SCV  
  110  9:37  SCV  
  118  9:39  Hellion x2  
  118  9:45  SCV  
  123  9:48  Command Center, SCV  
  123  9:49  SCV  
  121  10:08  Siege Tank  
  121  10:09  Hellion x3  
  121  10:10  Siege Tank  
  133  10:17  Supply Depot  
  133  10:18  Supply Depot x2  
  133  10:25  SCV x2  
  133  10:28  SCV  
  133  10:31  Hellion  
  132  10:35  Hellion  
  132  10:37  SCV  
  132  10:39  Missile Turret, Siege Tank, SCV, Hellion  
  132  10:41  SCV  
  140  10:45  Liberator x2  
  140  10:47  Siege Tank  
  140  10:48  Hellion  
  140  10:49  SCV  
  146  10:53  Hellion  
  146  10:55  Missile Turret  
  150  10:57  Hellion  
  150  10:59  Missile Turret  
  156  11:10  Factory, Siege Tank  
  156  11:11  Factory, Hellion  
  161  11:12  SCV  
  160  11:26  Siege Tank, Hellion  
  160  11:32  Siege Tank  
  170  11:33  Hellion x2  
  172  11:42  Supply Depot  
  172  11:43  Supply Depot  
  172  11:51  Unknown  
  172  11:56  Planetary Fortress  
  172  12:03  Siege Tank  
  172  12:04  Hellion x2  
  179  12:15  Factory Reactor, Factory Tech Lab  
  184  12:17  Hellion  
Tags
 
Add a new tag
Caveats
  • Supply blocks, unpowered buildings, or Contaminate may cause inaccurate times.
  • Supply counts are checked every 10 seconds.